 Dungeon Crawl Stone Soup version 0.20.1-1-g8b1a95d (webtiles) character file.

1846 dohliylev the Covert (level 8, -1/56 HPs)
             Began as a Vampire Enchanter on July 14, 2017.
             Killed by divine providence
             ... invoked by an orc priest
              (15 damage)
             ... on level 6 of the Dungeon on July 15, 2017.
             The game lasted 00:20:04 (5750 turns).

dohliylev the Covert (Vampire Enchanter)            Turns: 5750, Time: 00:20:05

Health: -1/56      AC:  8    Str:  7    XL:     8   Next: 88%
Magic:  2/11       EV: 15    Int: 20    God:
Gold:   330        SH:  0    Dex: 16    Spells: 5/11 levels left

rFire    . . .     SeeInvis +   a - +1 dagger
rCold    . . .     Gourm    .   (no shield)
rNeg     + . .     Faith    .   y - +2 robe {MR+}
rPois    .         Spirit   .   B - +0 helmet
rElec    .         Reflect  .   (no cloak)
rCorr    .         Harm     .   o - +1 pair of gloves
MR       +....                  D - +0 pair of boots
Stlth    ++++++....             (no amulet)
Regen    0.2/turn               x - +2 ring of dexterity
MPRegen  0.2/turn               C - ring of stealth

@: lethally poisoned (-1 -> -17)
A: fangs 3, see invisible, unbreathing
a: Bat Form


You were on level 6 of the Dungeon.
You were not thirsty.

You visited 2 branches of the dungeon, and saw 7 of its levels.

You collected 330 gold pieces.

Inventory:

Hand Weapons
 a - a +1 dagger (weapon)
 E - a +4 short sword
Armour
 o - a +1 pair of gloves (worn)
 y - a +2 robe of magic resistance (worn)
 B - a +0 helmet (worn)
 D - a +0 pair of boots (worn)
Magical Staves
 F - an uncursed staff of earth {unknown}
Jewellery
 x - a +2 ring of dexterity (left hand)
 C - a ring of stealth (right hand)
Wands
 u - a wand of enslavement (7/24)
 v - a wand of disintegration (5/24)
Scrolls
 e - 2 scrolls of recharging {unknown}
 f - 4 scrolls of identify {unknown}
 l - a scroll of random uselessness {unknown}
 m - a scroll of enchant weapon {unknown}
 n - 3 scrolls of fear {unknown}
 p - 3 scrolls of noise {unknown}
 q - 2 scrolls of remove curse {unknown}
 r - 3 scrolls of teleportation {unknown}
 s - 2 scrolls of amnesia {unknown}
 t - 2 scrolls of magic mapping {unknown}
Potions
 b - a potion of curing {unknown}
 d - 9 potions of blood
 g - a potion of degeneration {unknown}
 h - 2 potions of heal wounds {unknown}
 i - 5 potions of agility {unknown}
 j - 3 potions of flight {unknown}
 k - 2 potions of berserk rage {unknown}
 w - a potion of mutation {unknown}
 z - a potion of resistance {unknown}
 A - a potion of ambrosia {unknown}
Books
 c - a book of Maledictions

   Spells                             Type                      Level
   a - Corona                         Hexes                        1
   b - Ensorcelled Hibernation        Hexes/Ice                    2
   c - Confuse                        Hexes                        3
   d - Tukima's Dance                 Hexes                        3
   e - Dazzling Spray                 Conjuration/Hexes            3


   Skills:
 - Level 2.0 Fighting
 - Level 5.4 Short Blades
 + Level 5.1 Dodging
 - Level 12.1 Stealth
 - Level 2.0 Spellcasting
 - Level 4.4 Hexes
 - Level 5.0 Ice Magic


You had 5 spell levels left.
You knew the following spells:

 Your Spells              Type           Power        Failure   Level  Hunger
a - Corona                Hex            ###....      2%          1    #......
b - Ensorcelled Hibernat  Hex/Ice        ###...       3%          2    ##.....
c - Confuse               Hex            ###.....     8%          3    ###....


Dungeon Overview and Level Annotations

Branches:
Dungeon (6/15)             Temple (1/1) D:5

Altars:
Cheibriados
Dithmenos
Elyvilon
Fedhas
Gozag
Hepliaklqana
Kikubaaqudgha
Makhleb
Okawaru
Qazlal
Ru
Sif Muna
Trog
Uskayaw
Vehumet
Xom
Yredelemnul
Zin


Innate Abilities, Weirdness & Mutations

You have razor-sharp teeth.
You have supernaturally acute eyesight. (SInv)
You can survive without breathing.


Message History

The scorpion stings you.
You hit the orc but do no damage.
The orc is moderately wounded.
The orc barely misses you. The scorpion stings you.
You hit the orc but do no damage.
The orc is moderately wounded.
You hit the orc but do no damage.
The orc is moderately wounded.
The orc misses you. The scorpion stings you.
You are poisoned.
The scorpion poisons you!
You completely miss the orc.
The orc is moderately wounded.
You feel sick. The scorpion stings you.
* * * LOW HITPOINT WARNING * * *
You are lethally poisoned!
The scorpion poisons you! The orc hits you but does no damage.
The orc priest mumbles some strange prayers to Beogh against you.
Beogh smites you!
You die...

......< #.. .....#
#.##. #.. ....#
#.##.##.# #...#
#.# ..#.#### #...#
#.###...... #...#
#........#
#...#####.......o#
...........##o##o#
..............##@#
...........##o##s#
#...######.##.##o#
#...# #..>$..o#
#...# ####.####
#...# #..# #...#
#.## ...# #. #.


You could see a scorpion, an orc priest and 3 orcs.

Vanquished Creatures
  Grinder (D:4)
  Sigmund (D:5)
  2 yaks (D:5)
  Menkaure (D:4)
  An orc warrior (D:6)
  An ogre (D:4)
  Blork the orc (D:4)
  A bullfrog (D:6)
  A scorpion (D:4)
  5 wights (D:6)
  A howler monkey (D:4)
  2 crimson imps (D:5)
  A centaur skeleton (D:4)
  2 orc priests (D:6)
  2 orc wizards
  Terence (D:2)
  Ijyb (D:3)
  A statue (D:4)
  2 worker ants
  8 adders
  A shadow imp (D:5)
  3 adder skeletons
  A worm (D:2)
  3 dart slugs
  A leopard gecko (D:5)
  12 orcs
  13 bats
  2 giant cockroaches
  6 goblins
  10 hobgoblins
  8 jackals
  8 kobolds
  2 quokkas
  3 ball pythons
  5 frilled lizards
  A jackal skeleton (D:4)
  A leopard gecko skeleton (D:5)
  A leopard gecko zombie (D:6)
  4 rats
121 creatures vanquished.

Vanquished Creatures (others)
  3 plants (D:4)
3 creatures vanquished.

Grand Total: 124 creatures vanquished

Notes
Turn   | Place    | Note
-------+----------+-------------------------------------------
     0 | D:1      | dohliylev the Vampire Enchanter began the quest for the Orb.
     0 | D:1      | Reached XP level 1. HP: 13/13 MP: 3/3
   282 | D:1      | Reached skill level 5 in Stealth
   382 | D:1      | Reached XP level 2. HP: 17/19 MP: 5/5
   386 | D:1      | Learned a level 2 spell: Ensorcelled Hibernation
  1281 | D:2      | Noticed Terence
  1389 | D:2      | Reached XP level 3. HP: 19/25 MP: 3/6
  1462 | D:2      | Killed Terence
  1462 | D:2      | Reached skill level 6 in Stealth
  1571 | D:2      | Found a stormy altar of Qazlal.
  1615 | D:2      | Found a basalt altar of Yredelemnul.
  1760 | D:2      | Reached XP level 4. HP: 24/31 MP: 7/7
  2111 | D:3      | Reached skill level 1 in Ice Magic
  2528 | D:3      | Noticed Ijyb
  2536 | D:3      | Killed Ijyb
  2536 | D:3      | Reached skill level 7 in Stealth
  2536 | D:3      | Reached XP level 5. HP: 36/36 MP: 1/8
  2618 | D:3      | Found a deep blue altar of Sif Muna.
  2857 | D:4      | Noticed Grinder
  2885 | D:4      | Paralysed by Grinder for 3 turns
  2919 | D:4      | Learned a level 3 spell: Confuse
  3192 | D:4      | Killed Grinder
  3192 | D:4      | Reached skill level 1 in Fighting
  3192 | D:4      | Reached skill level 8 in Stealth
  3192 | D:4      | Reached XP level 6. HP: 22/43 MP: 4/9
  3450 | D:4      | Reached skill level 9 in Stealth
  3600 | D:4      | Reached XP level 7. HP: 30/48 MP: 7/10
  3670 | D:4      | Noticed Blork the orc
  3675 | D:4      | Killed Blork the orc
  3707 | D:4      | Reached skill level 10 in Stealth
  3781 | D:4      | Noticed Menkaure
  3801 | D:4      | Killed Menkaure
  4011 | D:4      | Found a radiant altar of Vehumet.
  4374 | D:5      | Entered Level 5 of the Dungeon
  4398 | D:5      | Found a shimmering altar of Xom.
  4437 | D:5      | Noticed Sigmund
  4459 | D:5      | Killed Sigmund
  4459 | D:5      | Reached skill level 11 in Stealth
  4511 | D:5      | Found a bloodstained altar of Trog.
  4529 | D:5      | Reached XP level 8. HP: 55/55 MP: 11/11
  4623 | D:5      | Reached skill level 5 in Short Blades
  4678 | D:5      | Reached skill level 12 in Stealth
  4925 | D:5      | Found a staircase to the Ecumenical Temple.
  4932 | Temple   | Entered the Ecumenical Temple
  5479 | D:6      | Found an opulent altar of Gozag.
  5491 | D:6      | Reached skill level 5 in Ice Magic
  5547 | D:6      | Found a shadowy altar of Dithmenos.
  5550 | D:6      | Found a sacrificial altar of Ru.
  5551 | D:6      | Found an iron altar of Okawaru.
  5664 | D:6      | Reached skill level 5 in Dodging
  5750 | D:6      | Killed from afar by an orc priest

Skill      XL: |  1  2  3  4  5  6  7  8 |
---------------+-------------------------+-----
Stealth        | 5 6 7 8 9 11 12 | 12.1
Short Blades   | 2 3 4 5 |  5.4
Ice Magic      | 1 2 3 5 |  5.0
Fighting       | 1 2 |  2.0
Dodging        | 5 |  5.1
Spellcasting   | |  2.0
Hexes          | |  4.4

Action                   |  1- 3 |  4- 6 |  7- 9 || total
-------------------------+-------+-------+-------++-------
Melee: Dagger            |   110 |   111 |   156 ||   377
       Bite              |     5 |     9 |    10 ||    24
 Cast: Ensorcelled Hiber |    14 |    21 |    29 ||    64
       Confuse           |       |     2 |    13 ||    15
 Abil: End Transformatio |       |     1 |     1 ||     2
       Bat Form          |       |     1 |     1 ||     2
  Use: Potion            |     1 |     5 |     4 ||    10
 Stab: Sleeping          |    19 |    26 |    27 ||    72
       Distracted        |     1 |       |     2 ||     3
       Confused          |       |     2 |     6 ||     8
  Eat: Corpse            |     1 |     1 |     2 ||     4
Armor: Robe              |    39 |    33 |    23 ||    95
Dodge: Dodged            |   102 |    62 |    75 ||   239
